 Dungeon Crawl Stone Soup version 0.21.1-1-g345015f (webtiles) character file.

2048 JeffiDaFish the Geomancer (level 9, -10/51 HPs)
             Began as a Gargoyle Earth Elementalist on Feb 10, 2018.
             Was a Follower of Vehumet.
             Mangled by a white ugly thing (13 damage)
             ... on level 7 of the Dungeon.
             The game lasted 00:15:12 (4733 turns).

JeffiDaFish the Geomancer (GrEE)                    Turns: 4733, Time: 00:15:12

Health: -10/51     AC: 13    Str: 13    XL:     9   Next: 25%
Magic:  1/19       EV: 14    Int: 18    God:    Vehumet [*.....]
Gold:   407        SH:  0    Dex: 12    Spells: 12/21 levels left

rFire    . . .     SeeInvis +   r - +6 flail
rCold    . . .     Gourm    .   (no shield)
rNeg     + . .     Faith    .   n - +1 robe {MR+}
rPois    ∞         Spirit   .   f - +0 helmet
rElec    +         Reflect  .   a - +0 cloak
rCorr    .         Harm     .   (no gloves)
MR       +....                  (no boots)
Stlth    ++........             (no amulet)
HPRegen  0.17/turn              m - ring of flight
MPRegen  0.16/turn              (no ring)

@: no status effects
A: thin skeletal structure 1, yellow scales 1, see invisible, negative energy
resistance 1, electricity resistance, unbreathing, petrification resistance, rot
immunity, AC +6
a: Renounce Religion, Evoke Flight


You were on level 7 of the Dungeon.
You worshipped Vehumet.
Vehumet was aware of your devotion.
You were very hungry.

You visited 2 branches of the dungeon, and saw 8 of its levels.

You collected 407 gold pieces.

Inventory:

Hand Weapons
 r - a +6 flail (weapon)
Missiles
 b - 172 stones (quivered)
Armour
 a - a +0 cloak (worn)
 f - a +0 helmet (worn)
 n - a +1 robe of magic resistance (worn)
Jewellery
 m - a ring of flight (left hand)
Wands
 c - a wand of digging (8)
 h - a wand of polymorph (17)
Scrolls
 i - a scroll of enchant weapon
 k - 5 scrolls of amnesia
 p - 2 scrolls of identify
Potions
 q - 2 potions of mutation
Books
 e - a book of Geomancy

   Spells                             Type                      Level
   a - Sandblast                      Earth                        1
   b - Passwall                       Transmutation/Earth          2
   c - Stone Arrow                    Conjuration/Earth            3
   d - Petrify                        Transmutation/Earth          4
   e - Lee's Rapid Deconstruction     Earth                        5
 j - a book of Changes

   Spells                             Type                      Level
   a - Beastly Appendage              Transmutation                1
   b - Sticks to Snakes               Transmutation                2
   c - Spider Form                    Transmutation/Poison         3
   d - Ice Form                       Ice/Transmutation            4
   e - Blade Hands                    Transmutation                5
Comestibles
 d - 8 rations
 g - 11 chunks of flesh


   Skills:
 + Level 3.3 Fighting
 * Level 4.3 Dodging
 - Level 2.5 Stealth
 + Level 6.8 Spellcasting
   Level 0.7 Transmutations
 + Level 9.4 Earth Magic


You had 12 spell levels left.
You knew the following spells:

 Your Spells              Type           Power        Failure   Level  Hunger
a - Sandblast             Erth           #####.       1%          1    None
b - Stone Arrow           Conj/Erth      ###...       4%          3    ##.....
c - Lee's Rapid Deconstr  Erth           #####.....   6%          5    #####..


Dungeon Overview and Level Annotations

Branches:
Dungeon (7/15)             Temple (1/1) D:5

Altars:
Ashenzari
Dithmenos
Gozag
Hepliaklqana
Makhleb
Nemelex Xobeh
Okawaru
Qazlal
Ru
Uskayaw
Vehumet
Wu Jian
Xom
Zin
The Shining One

Annotations:
D:7 Prince Ribbit


Innate Abilities, Weirdness & Mutations

You are resistant to torment.
Your stone body is resilient. (AC +6)
You are immune to poison.
You resist negative energy. (rN+)
You are resistant to electric shocks. (rElec)
You can survive without breathing.
You are immune to petrification.
You are immune to rotting.
You have a somewhat thin skeletal structure. (Dex +2, Stealth)
You are partially covered in yellow scales. (AC +2)
You have supernaturally acute eyesight. (SInv)


Message History

Aim: a hound The blast of sand misses the hound.
b - 172 stones The hound bites you.
* * * LOW HITPOINT WARNING * * *
Casting: Sandblast
Confirm with . or Enter, or press ? or * to list all spells.
You don't have enough magic to cast that spell.
Unknown command.
You thump the hound!
The hound is heavily wounded.
The hound closely misses you. The hound bites you but does no damage.
The white ugly thing kicks you but does no damage.
The hound closely misses you.
You sock the hound!
The hound is almost dead.
The white ugly thing kicks you.
* * * LOW HITPOINT WARNING * * *
The white ugly thing freezes you!
You die...

#... ... .#.
#..######g#.....
####......)..'.#.#.
#.###.###.....##.#.....
#.......g.o......# .#.
#####..........#.# .
#.######?#.### #o#
#h#... #.# #@#.### #u#
#u#.# #g# #.# #.# #g#
#)######g# #..gu....#
##########


You could see a white ugly thing, a gnoll sergeant, a hound and a gnoll.

Vanquished Creatures
  The ghost of theEndsummarily the Insei, a novice OpTm (D:5)
  A hungry ghost (D:7)
  A water moccasin (D:4)
  An orc warrior (D:7)
  A phantom (D:6)
  An ogre (D:4)
  The ghost of gribnar the Insei, an amateur OpTm (D:3)
  A big kobold (D:7)
  3 bullfrogs (D:7)
  A scorpion (D:6)
  Dowan (D:4)
  2 crimson imps
  A bullfrog zombie (D:6)
  3 hounds
  2 orc priests
  6 orc wizards
  2 iguanas (D:6)
  Natasha (D:4)
  5 worker ants
  5 gnolls
  8 adders
  A shadow imp (D:6)
  An ooze (D:2)
  2 adder zombies
  An adder skeleton (D:6)
  4 worms
  3 dart slugs
  3 leopard geckos
  23 orcs
  A ball python (D:7)
  3 bats (D:2)
  8 goblins
  6 hobgoblins (D:1)
  3 jackals (D:2)
  12 kobolds
  2 quokkas (D:4)
  2 frilled lizards
  A leopard gecko skeleton (D:4)
  5 rats
129 creatures vanquished.

Notes
Turn   | Place    | Note
-------+----------+-------------------------------------------
     0 | D:1      | JeffiDaFish the Gargoyle Earth Elementalist began the quest for the Orb.
     0 | D:1      | Reached XP level 1. HP: 10/10 MP: 3/3
   145 | D:1      | Reached skill level 4 in Earth Magic
   145 | D:1      | Reached XP level 2. HP: 15/15 MP: 3/5
   826 | D:2      | Reached XP level 3. HP: 19/19 MP: 3/6
   975 | D:2      | Found a hazy altar of Hepliaklqana.
   976 | D:2      | Found a hide-covered altar of Uskayaw.
   977 | D:2      | Found a glowing golden altar of the Shining One.
  1067 | D:2      | Learned a level 3 spell: Stone Arrow
  1076 | D:2      | Reached skill level 5 in Earth Magic
  1076 | D:2      | Reached XP level 4. HP: 24/24 MP: 3/8
  1388 | D:2      | Found an opulent altar of Gozag.
  1583 | D:3      | Noticed gribnar's ghost (amateur OpTm)
  1588 | D:3      | Killed gribnar's ghost
  1588 | D:3      | Reached XP level 5. HP: 19/28 MP: 3/10
  1646 | D:3      | Gained mutation: You are partially covered in yellow scales. (AC +2) [potion of mutation]
  1646 | D:3      | Gained mutation: You have supernaturally acute eyesight. (SInv) [potion of mutation]
  1646 | D:3      | Gained mutation: You have a somewhat thin skeletal structure. (Dex +2, Stealth) [potion of mutation]
  1708 | D:3      | Reached skill level 6 in Earth Magic
  1858 | D:3      | Found a shimmering altar of Xom.
  2058 | D:3      | Reached XP level 6. HP: 32/32 MP: 11/11
  2092 | D:3      | Learned a level 5 spell: Lee's Rapid Deconstruction
  2564 | D:4      | Noticed Natasha
  2567 | D:4      | Noticed Dowan
  2571 | D:4      | Killed Natasha
  2571 | D:4      | Reached skill level 7 in Earth Magic
  2571 | D:4      | Reached XP level 7. HP: 36/36 MP: 2/14
  2598 | D:4      | Killed Dowan
  2737 | D:4      | Noticed Duvessa
  2741 | D:4      | Noticed Duvessa
  2741 | D:4      | Duvessa changed into Duvessa the water moccasin
  2744 | D:4      | Killed Duvessa the water moccasin
  2744 | D:4      | Reached skill level 5 in Spellcasting
  2852 | D:5      | Entered Level 5 of the Dungeon
  2911 | D:5      | Found a staircase to the Ecumenical Temple.
  2917 | Temple   | Entered the Ecumenical Temple
  2993 | Temple   | Became a worshipper of Vehumet
  3114 | D:5      | Noticed theEndsummarily's ghost (novice OpTm)
  3122 | D:5      | Killed theEndsummarily's ghost
  3122 | D:5      | Reached skill level 8 in Earth Magic
  3122 | D:5      | Reached XP level 8. HP: 38/41 MP: 5/16
  3968 | D:6      | Reached skill level 1 in Fighting
  4458 | D:7      | Reached skill level 9 in Earth Magic
  4550 | D:7      | Reached XP level 9. HP: 49/49 MP: 9/18
  4585 | D:7      | Found a glowing silver altar of Zin.
  4597 | D:7      | Reached * piety under Vehumet
  4597 | D:7      | Offered knowledge of Sting by Vehumet.
  4642 | D:7      | Noticed Prince Ribbit
  4686 | D:7      | Noticed a hornet
  4701 | D:7      | Noticed a white ugly thing
  4733 | D:7      | Mangled by a white ugly thing

Skill      XL: |  1  2  3  4  5  6  7  8  9 |
---------------+----------------------------+-----
Earth Magic    | 4 5 6 7 8 9 |  9.4
Spellcasting   | 3 4 5 6 |  6.8
Dodging        | 3 4 |  4.3
Fighting       | 2 3 |  3.3
Stealth        | |  2.5
Transmutations | |  0.7

Action                   |  1- 3 |  4- 6 |  7- 9 || total
-------------------------+-------+-------+-------++-------
Melee: Unarmed           |     1 |       |       ||     1
       Dagger            |    28 |    37 |       ||    65
       Rapier            |       |    31 |   124 ||   155
       Flail             |       |       |    36 ||    36
 Cast: Sandblast         |    18 |    41 |    54 ||   113
       Stone Arrow       |       |     9 |    16 ||    25
       Lee's Rapid Decon |       |       |     4 ||     4
Evoke: Wand              |       |       |     1 ||     1
  Use: Potion            |     1 |     3 |     7 ||    11
       Scroll            |     3 |     3 |     8 ||    14
 Stab: Sleeping          |     4 |       |     4 ||     8
       Distracted        |       |       |     1 ||     1
  Eat: Chunk             |     1 |     5 |     8 ||    14
Armor: Robe              |     9 |    28 |    83 ||   120
Dodge: Dodged            |    13 |    50 |   121 ||   184
